 Dungeon Crawl Stone Soup version 0.29.0-4-gdea44cf6ec (webtiles) character file.

Game seed: 3415639127705591099

7970 qw the Grappler (level 11, -3/97 (101) HPs)
             Began as a Troll Cinder Acolyte on Aug 31, 2022.
             Was an Initiate of Okawaru.
             Slain by an orc warrior
             ... wielding a +0 scimitar
              (16 damage)
             ... on level 9 of the Dungeon.
             The game lasted 00:05:56 (8338 turns).

qw the Grappler (Troll Cinder Acolyte)              Turns: 8338, Time: 00:05:56

HP:   -3/97 (101)   AC: 11    Str: 27    XL:     11   Next: 3%
MP:   11/11         EV:  8    Int:  9    God:    Okawaru [......]
Gold: 637           SH:  9    Dex:  6    Spells: 12/12 levels left

rFire   . . .      SeeInvis +     - Unarmed
rCold   . . .      Faith    .   m - +0 kite shield
rNeg    + . .      Spirit   .   i - +0 troll leather armour
rPois   +          Reflect  .   r - +2 hat
rElec   .          Harm     .   e - +2 ratskin cloak {*Rats rPois rN+ Str-1 Int-1 Dex+1}
rCorr   .          Rampage  .   (gloves unavailable)
Will    .....                   (boots unavailable)
Stlth   +.........              (no amulet)
HPRegen 1.86/turn               k - ring of see invisible
MPRegen 0.12/turn               f - ring of protection from fire

@: about to teleport, lightly drained, fire susceptible
A: large, unfitting armour, claws 3, regeneration 1, shaggy fur 1, tough skin 1
a: Renounce Religion


You were on level 9 of the Dungeon.
You worshipped Okawaru.
Okawaru was noncommittal.
You visited 2 branches of the dungeon, and saw 10 of its levels.
You also visited: Sewer.

You collected 637 gold pieces.


Innate Abilities, Weirdness & Mutations

You are too large for most types of armour.
You have claws for hands.
Your natural rate of healing is unusually fast.
You are covered in fur. (AC +1)
You have tough skin. (AC +1)


   Skills:
 + Level 4.4 Fighting
 - Level 4.0 Throwing
 - Level 1.6 Armour
 - Level 1.5 Dodging
 - Level 9.4 Shields
 - Level 12.0 Unarmed Combat
 - Level 1.0 Spellcasting
 - Level 2.1 Fire Magic


You had 12 spell levels left.
You didn't know any spells.
Your spell library contained the following spells:

 Spells                   Type           Power      Damage    Failure   Level
 Scorch                   Fire           8%         2d5       43%         2

Inventory:

Missiles
 p - 6 large rocks (quivered)
 q - 3 boomerangs
 s - 6 silver javelins
Armour
 e - the +2 ratskin cloak (worn) {*Rats rPois rN+ Str-1 Int-1 Dex+1}
   (You found it on level 6 of the Dungeon)

   When the wearer is hurt, rats may emerge from it to assist them.
   Str:       It affects your strength (-1).
   Int:       It affects your intelligence (-1).
   Dex:       It affects your dexterity (+1).
   rPois:     It protects you from poison.
   rN:        It protects you from negative energy.
 i - a +0 troll leather armour (worn)
 m - a +0 kite shield (worn)
 r - a +2 hat (worn)
Jewellery
 f - a ring of protection from fire (right claw)
 k - a ring of see invisible (left claw)
 o - a ring of resist corrosion
 Y - a ring of resist corrosion
Scrolls
 d - 5 scrolls of identify
 h - 3 scrolls of enchant armour
 j - 6 scrolls of teleportation
 n - a scroll of enchant weapon
Potions
 a - a potion of cancellation
 b - 3 potions of curing
 c - 2 potions of heal wounds
 g - 4 potions of haste
 l - a potion of might
 t - a potion of degeneration {unknown}

Dungeon Overview and Level Annotations

Branches:
Dungeon (9/15)             Temple (1/1) D:4             Orc (0/2) D:9
  Sewer (visited)
   Lair: D:8-11

Altars:
Ashenzari
Dithmenos
Elyvilon
Fedhas
Gozag
Kikubaaqudgha
Okawaru
Ru
Uskayaw
Vehumet
Wu Jian
Zin
The Shining One

Shops:
D:9 [(


Message History

The wight hits you with a +4 flail of freezing!
The wight freezes you.
You closely miss the wight.
The wight is severely damaged.
You claw the two-headed ogre!
The two-headed ogre is moderately wounded.
You scratch the two-headed ogre.
The two-headed ogre is moderately wounded.
The two-headed ogre closely misses you.
The two-headed ogre hits you with a +0 giant club!
8326 ||| Stepping ~*~*~tactically~*~*~ (outnumbered).
You closely miss the wight.
The wight is severely damaged.
8328 ||| Stepping ~*~*~tactically~*~*~ (outnumbered).
8329 ||| Stepping ~*~*~tactically~*~*~ (outnumbered).
8330 ||| Stepping ~*~*~tactically~*~*~ (outnumbered).
The two-headed ogre attacks as you move away!
The two-headed ogre hits you with a +0 giant club! x2
You scratch the wight.
The wight is almost destroyed.
You barely miss the two-headed ogre.
The two-headed ogre is moderately wounded.
8333 ||| Stepping ~*~*~tactically~*~*~ (outnumbered).
8334 ||| Stepping ~*~*~tactically~*~*~ (outnumbered).
8335 ||| Stepping ~*~*~tactically~*~*~ (hiding).
You claw the two-headed ogre!
The two-headed ogre is heavily wounded.
The two-headed ogre hits you with a +0 giant club!!
The two-headed ogre hits you with a +0 giant club!
8337 ||| READING 7 scrolls of teleportation.
As you read the scroll of teleportation, it crumbles to dust.
You feel strangely unstable.
A shadow comes into view.
8338 ||| DRINKING 3 potions of heal wounds.
You feel much better.
The two-headed ogre hits you with a +0 giant club!
The two-headed ogre hits you with a +0 giant club!!
The wight closely misses you.
The orc warrior hits you with a +0 scimitar!
You die...

...# ...########## ###..
............. .... ...
)............ ...#######.#
............. W..#...)<#.#
+####......## #..#.....#.#
#......# #..#.....#.+ .
#......# #..#.....+.#####..
##......# #@.#.....#........
#.......#####Oo#...[.#........
#..<....zo..z..####[##........
#####.z..z..o........(........
#.###########............. #.#
#............. #.#
#...########.. #O# #...# . #o#
#...#


You could see a two-headed ogre, an orc warrior, a shadow, a wight and an orc
wizard (invisible).

Vanquished Creatures
  Gastronok (D:8)
  Erica (D:8)
  A cyclops (D:7)
  An efreet (D:8)
  A troll (D:4)
  A wyvern (D:7)
  6 yaks (D:6)
  Eustachio (D:5)
  A steam dragon (D:7)
  2 fire elementals (D:9)
  A water moccasin (D:5)
  A black bear (D:6)
  3 sky beasts (D:7)
  6 orc warriors
  An ice beast (D:7)
  3 phantoms
  3 centaurs
  A kobold brigand (D:8)
  6 bullfrogs
  A gnoll sergeant (D:9)
  A necrophage (D:8)
  A scorpion (D:7)
  5 wights
  8 killer bees
  A vampire bat (D:5)
  A howler monkey (D:7)
  3 hounds
  4 orc priests
  A jelly (D:6)
  4 gnoll boudas (D:7)
  6 iguanas
  4 orc wizards
  Terence (D:3)
  Robin (D:2)
  12 gnolls
  19 adders
  A river rat (Sewer)
  A shadow imp (D:7)
  4 white imps
  3 worms
  3 fire bats (D:5)
  31 orcs
  2 spectral bats (D:5)
  23 ball pythons
  19 bats
  3 bat skeletons (D:5)
  A bat zombie (D:5)
  12 endoplasms
  3 giant cockroaches (D:3)
  3 hobgoblins
  4 jackals
  9 kobolds
  A quokka (D:2)
  A bat simulacrum (D:5)
  5 frilled lizards
  18 goblins
  26 rats
287 creatures vanquished.

Vanquished Creatures (collateral kills)
  An ice beast (D:7)
  A killer bee (D:8)
  A gnoll (D:7)
3 creatures vanquished.

Grand Total: 290 creatures vanquished

Notes
Turn   | Place    | Note
-------+----------+-------------------------------------------
     0 | D:1      | qw the Troll Cinder Acolyte began the quest for the Orb.
     0 | D:1      | Reached XP level 1. HP: 22/22 MP: 1/1
     0 | D:1      | 0 ||| qw: Version: 0.1-a-97-g2dd2ca4
     0 | D:1      | 0 ||| qw: Game counter: 4472
     0 | D:1      | 0 ||| qw: Always use a shield: true
     0 | D:1      | 0 ||| qw: God list: Okawaru
     0 | D:1      | 0 ||| qw: Allow faded altars: false
     0 | D:1      | 0 ||| qw: Do Orc after D:15 true
     0 | D:1      | 0 ||| qw: Do second Lair branch before Depths: true
     0 | D:1      | 0 ||| qw: Lair rune preference: random
     0 | D:1      | 0 ||| qw: Plans: Normal
     0 | D:1      | 0 ||| PLANNING D:1-11
   111 | D:1      | Found a faded altar of an unknown god.
   195 | D:1      | Reached XP level 2. HP: 29/29 MP: 2/2
   365 | D:1      | 365 ||| Stepping ~*~*~tactically~*~*~ (stealth).
   639 | D:1      | 639 ||| UPGRADING to ring of protection from fire.
   640 | D:1      | 640 ||| READING scroll labelled KIN OHUTT.
   641 | D:1      | 641 ||| DRINKING 2 fizzy yellow potions.
   742 | D:1      | 742 ||| DRINKING 2 coppery potions.
   743 | D:1      | 743 ||| DROPPING potion of ambrosia.
   791 | D:2      | Noticed Robin
   792 | D:2      | 792 ||| INVOKING Fiery Armour.
   795 | D:2      | 795 ||| Stepping ~*~*~tactically~*~*~ (outnumbered).
   796 | D:2      | 796 ||| Stepping ~*~*~tactically~*~*~ (outnumbered).
   797 | D:2      | 797 ||| Stepping ~*~*~tactically~*~*~ (outnumbered).
   798 | D:2      | 798 ||| Stepping ~*~*~tactically~*~*~ (outnumbered).
   800 | D:2      | Reached skill level 4 in Unarmed Combat
   810 | D:2      | Killed Robin
   811 | D:2      | Reached XP level 3. HP: 30/36 MP: 3/3
   900 | D:2      | 900 ||| Stepping ~*~*~tactically~*~*~ (stealth).
   941 | D:2      | 941 ||| Stepping ~*~*~tactically~*~*~ (hiding).
   943 | D:2      | 943 ||| Stepping ~*~*~tactically~*~*~ (hiding).
   944 | D:2      | 944 ||| Stepping ~*~*~tactically~*~*~ (stealth).
   945 | D:2      | 945 ||| Stepping ~*~*~tactically~*~*~ (hiding).
   950 | D:2      | 950 ||| INVOKING Fiery Armour.
   955 | D:2      | 955 ||| Stepping ~*~*~tactically~*~*~ (outnumbered).
   957 | D:2      | 957 ||| Stepping ~*~*~tactically~*~*~ (outnumbered).
   959 | D:2      | Reached skill level 5 in Unarmed Combat
   959 | D:2      | Reached XP level 4. HP: 19/44 MP: 4/4
   976 | D:2      | 976 ||| FLEEEEING.
   977 | D:2      | 977 ||| FLEEEEING.
   978 | D:2      | 978 ||| FLEEEEING.
   980 | D:2      | 980 ||| FLEEEEING.
   981 | D:2      | 981 ||| FLEEEEING.
   982 | D:2      | 982 ||| FLEEEEING.
   983 | D:2      | 983 ||| FLEEEEING.
   984 | D:2      | 984 ||| FLEEEEING.
  1018 | D:2      | Reached XP level 5. HP: 50/50 MP: 5/5
  1020 | D:2      | 1020 ||| Stepping ~*~*~tactically~*~*~ (outnumbered).
  1317 | D:2      | 1317 ||| DROPPING scarf of harm.
  1318 | D:2      | 1318 ||| UPGRADING to ring of resist corrosion.
  1319 | D:2      | 1319 ||| READING scroll labelled MAIV CUTACO.
  1320 | D:2      | 1320 ||| READING scroll labelled ZUGO RILOIMP.
  1321 | D:2      | 1321 ||| DRINKING 2 bubbling black potions.
  1325 | D:3      | 1325 ||| PLANNING SEWER
  1349 | D:3      | Found a glowing drain.
  1351 | D:3      | 1351 ||| READING scroll labelled MECEAR PEIRCHASK.
  1376 | Sewer    | Entered a sewer
  1411 | Sewer    | Reached skill level 6 in Unarmed Combat
  1441 | Sewer    | 1441 ||| Stepping ~*~*~tactically~*~*~ (outnumbered).
  1443 | Sewer    | 1443 ||| Stepping ~*~*~tactically~*~*~ (outnumbered).
  1444 | Sewer    | 1444 ||| Stepping ~*~*~tactically~*~*~ (outnumbered).
  1445 | Sewer    | 1445 ||| Stepping ~*~*~tactically~*~*~ (outnumbered).
  1446 | Sewer    | 1446 ||| Stepping ~*~*~tactically~*~*~ (outnumbered).
  1447 | Sewer    | 1447 ||| Stepping ~*~*~tactically~*~*~ (outnumbered).
  1523 | Sewer    | 1523 ||| INVOKING Fiery Armour.
  1668 | Sewer    | 1668 ||| INVOKING Fiery Armour.
  1674 | Sewer    | Reached skill level 7 in Unarmed Combat
  1674 | Sewer    | Reached XP level 6. HP: 52/59 MP: 6/6
  1703 | Sewer    | 1703 ||| READING scroll labelled XIMMAINKAL.
  1704 | Sewer    | 1704 ||| READING scroll labelled JIV GUAWEULUPP.
  1705 | Sewer    | 1705 ||| READING scroll labelled JOLAQEORUS.
  1706 | Sewer    | 1706 ||| DRINKING 2 fuming white potions.
  1707 | Sewer    | 1707 ||| DRINKING 2 sapphire potions.
  1708 | Sewer    | 1708 ||| DROPPING potion of magic.
  1709 | Sewer    | 1709 ||| DROPPING potion of brilliance.
  1713 | D:3      | 1713 ||| PLANNING D:1-11
  1732 | D:3      | 1732 ||| Stepping ~*~*~tactically~*~*~ (stealth).
  1735 | D:3      | 1735 ||| Stepping ~*~*~tactically~*~*~ (stealth).
  1949 | D:3      | Noticed Terence
  1955 | D:3      | Killed Terence
  2141 | D:3      | 2141 ||| Stepping ~*~*~tactically~*~*~ (hiding).
  2145 | D:3      | 2145 ||| Stepping ~*~*~tactically~*~*~ (hiding).
  2148 | D:3      | 2148 ||| INVOKING Fiery Armour.
  2153 | D:3      | 2153 ||| Stepping ~*~*~tactically~*~*~ (stealth).
  2162 | D:3      | 2162 ||| Stepping ~*~*~tactically~*~*~ (stealth).
  2164 | D:3      | 2164 ||| Stepping ~*~*~tactically~*~*~ (stealth).
  2317 | D:3      | Reached skill level 8 in Unarmed Combat
  2327 | D:3      | Found a radiant altar of Vehumet.
  2328 | D:3      | Found an ornate altar of the Wu Jian Council.
  2333 | D:3      | 2333 ||| UPGRADING to +0 kite shield.
  2338 | D:3      | 2338 ||| READING 2 scrolls labelled LYTEAL YNNY.
  2339 | D:3      | 2339 ||| READING 5 scrolls labelled RASMOAKAHI.
  2342 | D:3      | 2342 ||| DRINKING 2 lumpy silvery potions.
  2368 | D:3      | 2368 ||| DROPPING potion of lignification.
  2369 | D:3      | 2369 ||| DROPPING scroll of immolation.
  2391 | D:4      | Found a staircase to the Ecumenical Temple.
  2393 | D:4      | 2393 ||| Stepping ~*~*~tactically~*~*~ (stealth).
  2395 | D:4      | 2395 ||| Stepping ~*~*~tactically~*~*~ (stealth).
  2396 | D:4      | 2396 ||| Stepping ~*~*~tactically~*~*~ (stealth).
  2486 | D:4      | Reached XP level 7. HP: 64/66 MP: 7/7
  2608 | D:4      | Found a glowing silver altar of Zin.
  2619 | D:4      | Reached skill level 1 in Shields
  2733 | D:4      | 2733 ||| INVOKING Fiery Armour.
  2735 | D:4      | HP: 15/66 [orc warrior/+0 dire flail (3)]
  2736 | D:4      | 2736 ||| READING 5 scrolls of teleportation.
  2737 | D:4      | 2737 ||| DRINKING 3 potions of heal wounds.
  2739 | D:4      | 2739 ||| DRINKING 2 potions of heal wounds.
  3504 | D:4      | 3504 ||| READING scroll labelled SUFAASKOENUFA.
  3505 | D:4      | 3505 ||| READING 3 scrolls of identify.
  3505 | D:4      | 3505 ||| IDENTIFYING blue potion
  3506 | D:4      | 3506 ||| READING 2 scrolls of identify.
  3506 | D:4      | 3506 ||| IDENTIFYING bubbling grey potion
  3507 | D:4      | 3507 ||| DROPPING potion of attraction.
  3532 | D:4      | Reached skill level 3 in Shields
  3572 | D:5      | Entered Level 5 of the Dungeon
  3572 | D:5      | Noticed a troll
  3573 | D:5      | 3573 ||| STAIRDANCE
  3579 | D:4      | 3579 ||| INVOKING Fiery Armour.
  3581 | D:4      | Killed a troll
  3630 | D:4      | 3630 ||| UPGRADING to +0 troll leather armour.
  3640 | D:4      | 3640 ||| DROPPING +0 robe.
  3653 | D:5      | Reached XP level 8. HP: 68/74 MP: 8/8
  3860 | D:5      | 3860 ||| Stepping ~*~*~tactically~*~*~ (outnumbered).
  4064 | D:5      | Reached skill level 6 in Shields
  4065 | D:5      | 4065 ||| Stepping ~*~*~tactically~*~*~ (outnumbered).
  4066 | D:5      | 4066 ||| Stepping ~*~*~tactically~*~*~ (outnumbered).
  4068 | D:5      | 4068 ||| Stepping ~*~*~tactically~*~*~ (outnumbered).
  4069 | D:5      | 4069 ||| Stepping ~*~*~tactically~*~*~ (outnumbered).
  4070 | D:5      | 4070 ||| Stepping ~*~*~tactically~*~*~ (outnumbered).
  4209 | D:5      | Reached skill level 3 in Fighting
  4728 | D:5      | Noticed Eustachio
  4754 | D:5      | Killed Eustachio
  4769 | D:5      | Found a broken altar of Ashenzari.
  5045 | D:5      | 5045 ||| UPGRADING to ring of see invisible.
  5047 | D:5      | 5047 ||| UPGRADING to ring of protection from fire.
  5049 | D:5      | 5049 ||| READING 3 scrolls of identify.
  5049 | D:5      | 5049 ||| IDENTIFYING fizzy clear potion
  5094 | D:6      | 5094 ||| INVOKING Fiery Armour.
  5099 | D:6      | 5099 ||| Stepping ~*~*~tactically~*~*~ (outnumbered).
  5101 | D:6      | 5101 ||| Stepping ~*~*~tactically~*~*~ (outnumbered).
  5102 | D:6      | 5102 ||| Stepping ~*~*~tactically~*~*~ (outnumbered).
  5105 | D:6      | 5105 ||| Stepping ~*~*~tactically~*~*~ (outnumbered).
  5108 | D:6      | Reached skill level 9 in Unarmed Combat
  5138 | D:6      | 5138 ||| Stepping ~*~*~tactically~*~*~ (stealth).
  5140 | D:6      | 5140 ||| Stepping ~*~*~tactically~*~*~ (stealth).
  5142 | D:6      | 5142 ||| Stepping ~*~*~tactically~*~*~ (hiding).
  5143 | D:6      | 5143 ||| Stepping ~*~*~tactically~*~*~ (hiding).
  5251 | D:6      | Found the +2 ratskin cloak {*Rats rPois rN+ Str-1 Int-1
                  | Dex+1}
  5285 | D:6      | Identified the +1 ring mail of Melancholy {Fly Will+ Int+4}
  5389 | D:6      | Reached XP level 9. HP: 83/83 MP: 9/9
  5428 | D:6      | 5428 ||| Stepping ~*~*~tactically~*~*~ (stealth).
  5432 | D:6      | 5432 ||| INVOKING Fiery Armour.
  5441 | D:6      | 5441 ||| Stepping ~*~*~tactically~*~*~ (outnumbered).
  5442 | D:6      | 5442 ||| Stepping ~*~*~tactically~*~*~ (outnumbered).
  5443 | D:6      | 5443 ||| Stepping ~*~*~tactically~*~*~ (outnumbered).
  5451 | D:6      | Reached skill level 10 in Unarmed Combat
  5455 | D:6      | Reached skill level 1 in Dodging
  5825 | D:6      | 5825 ||| INVOKING Fiery Armour.
  6007 | D:6      | 6007 ||| UPGRADING to +2 ratskin cloak {*Rats rPois rN+
                  | Str-1 Int-1 Dex+1}.
  6109 | D:7      | Reached skill level 1 in Armour
  6131 | D:7      | Found a white marble altar of Elyvilon.
  6170 | D:7      | 6170 ||| Stepping ~*~*~tactically~*~*~ (hiding).
  6171 | D:7      | 6171 ||| Stepping ~*~*~tactically~*~*~ (hiding).
  6296 | D:7      | 6296 ||| Stepping ~*~*~tactically~*~*~ (hiding).
  6301 | D:7      | 6301 ||| Stepping ~*~*~tactically~*~*~ (outnumbered).
  6303 | D:7      | 6303 ||| Stepping ~*~*~tactically~*~*~ (outnumbered).
  6304 | D:7      | 6304 ||| Stepping ~*~*~tactically~*~*~ (outnumbered).
  6306 | D:7      | 6306 ||| Stepping ~*~*~tactically~*~*~ (outnumbered).
  6462 | D:7      | Found an ancient bone altar of Kikubaaqudgha.
  6471 | D:7      | 6471 ||| FLEEEEING.
  6472 | D:7      | 6472 ||| FLEEEEING.
  6473 | D:7      | 6473 ||| FLEEEEING.
  6474 | D:7      | 6474 ||| FLEEEEING.
  6475 | D:7      | 6475 ||| FLEEEEING.
  6476 | D:7      | 6476 ||| FLEEEEING.
  6477 | D:7      | 6477 ||| FLEEEEING.
  6478 | D:7      | 6478 ||| FLEEEEING.
  6479 | D:7      | 6479 ||| FLEEEEING.
  6480 | D:7      | 6480 ||| FLEEEEING.
  6482 | D:7      | 6482 ||| STAIRDANCE
  6584 | D:6      | 6584 ||| READING 6 scrolls of identify.
  6584 | D:6      | 6584 ||| IDENTIFYING metallic yellow potion
  6588 | D:7      | 6588 ||| Stepping ~*~*~tactically~*~*~ (hiding).
  6589 | D:7      | 6589 ||| Stepping ~*~*~tactically~*~*~ (hiding).
  6673 | D:7      | Noticed a cyclops
  6674 | D:7      | 6674 ||| INVOKING Fiery Armour.
  6680 | D:7      | Killed a cyclops
  6681 | D:7      | Reached XP level 10. HP: 79/92 MP: 10/10
  6706 | D:7      | Reached skill level 1 in Throwing
  6753 | D:7      | Reached skill level 3 in Throwing
  6753 | D:7      | 6753 ||| Stepping ~*~*~tactically~*~*~ (outnumbered).
  6862 | D:7      | 6862 ||| READING 5 scrolls of identify.
  6862 | D:7      | 6862 ||| IDENTIFYING orange potion
  6863 | D:7      | 6863 ||| DROPPING potion of invisibility.
  6900 | D:8      | Found an opulent altar of Gozag.
  6937 | D:8      | 6937 ||| Stepping ~*~*~tactically~*~*~ (hiding).
  6951 | D:8      | Reached skill level 11 in Unarmed Combat
  7015 | D:8      | 7015 ||| Stepping ~*~*~tactically~*~*~ (hiding).
  7027 | D:8      | 7027 ||| Stepping ~*~*~tactically~*~*~ (stealth).
  7029 | D:8      | 7029 ||| Stepping ~*~*~tactically~*~*~ (hiding).
  7077 | D:8      | 7077 ||| Stepping ~*~*~tactically~*~*~ (hiding).
  7078 | D:8      | 7078 ||| Stepping ~*~*~tactically~*~*~ (hiding).
  7079 | D:8      | 7079 ||| Stepping ~*~*~tactically~*~*~ (outnumbered).
  7080 | D:8      | 7080 ||| Stepping ~*~*~tactically~*~*~ (outnumbered).
  7081 | D:8      | 7081 ||| Stepping ~*~*~tactically~*~*~ (outnumbered).
  7082 | D:8      | 7082 ||| Stepping ~*~*~tactically~*~*~ (outnumbered).
  7083 | D:8      | 7083 ||| Stepping ~*~*~tactically~*~*~ (outnumbered).
  7084 | D:8      | 7084 ||| Stepping ~*~*~tactically~*~*~ (hiding).
  7086 | D:8      | 7086 ||| Stepping ~*~*~tactically~*~*~ (hiding).
  7087 | D:8      | 7087 ||| Stepping ~*~*~tactically~*~*~ (outnumbered).
  7097 | D:8      | 7097 ||| Stepping ~*~*~tactically~*~*~ (outnumbered).
  7098 | D:8      | 7098 ||| INVOKING Fiery Armour.
  7099 | D:8      | 7099 ||| Stepping ~*~*~tactically~*~*~ (outnumbered).
  7100 | D:8      | 7100 ||| Stepping ~*~*~tactically~*~*~ (outnumbered).
  7141 | D:8      | Noticed Gastronok
  7144 | D:8      | Identified the +0 robe of Hopscotch {Str+2}
  7147 | D:8      | 7147 ||| Stepping ~*~*~tactically~*~*~ (outnumbered).
  7161 | D:8      | Killed Gastronok
  7162 | D:8      | Reached skill level 9 in Shields
  7222 | D:8      | Noticed Erica
  7223 | D:8      | 7223 ||| Stepping ~*~*~tactically~*~*~ (hiding).
  7225 | D:8      | 7225 ||| Stepping ~*~*~tactically~*~*~ (hiding).
  7227 | D:8      | 7227 ||| INVOKING Fiery Armour.
  7229 | D:8      | 7229 ||| DRINKING 5 potions of curing.
  7229 | D:8      | 7229 ||| (to cure confusion)
  7242 | D:8      | 7242 ||| DRINKING 4 potions of curing.
  7242 | D:8      | 7242 ||| (to cure confusion)
  7243 | D:8      | Killed Erica
  7471 | D:8      | 7471 ||| Stepping ~*~*~tactically~*~*~ (stealth).
  7472 | D:8      | 7472 ||| Stepping ~*~*~tactically~*~*~ (stealth).
  7496 | D:8      | 7496 ||| INVOKING Fiery Armour.
  7605 | D:8      | 7605 ||| PLANNING TEMPLE
  7605 | D:8      | 7605 ||| DROPPING +0 robe of Hopscotch {Str+2}.
  7606 | D:8      | 7606 ||| UPGRADING to +2 hat.
  7611 | D:8      | 7611 ||| READING 6 scrolls of identify.
  7611 | D:8      | 7611 ||| IDENTIFYING pink potion
  7612 | D:8      | 7612 ||| DROPPING potion of flight.
  7739 | Temple   | Entered the Ecumenical Temple
  7759 | Temple   | 7759 ||| PLANNING CONVERSION TO OKAWARU
  7765 | Temple   | Fell from the grace of Ignis
  7765 | Temple   | Became a worshipper of Warmaster Okawaru
  7766 | Temple   | 7766 ||| PLANNING D:1-11
  7971 | D:9      | 7971 ||| Stepping ~*~*~tactically~*~*~ (outnumbered).
  8088 | D:9      | Reached skill level 12 in Unarmed Combat
  8088 | D:9      | Reached XP level 11. HP: 100/100 MP: 11/11
  8089 | D:9      | 8089 ||| Stepping ~*~*~tactically~*~*~ (outnumbered).
  8090 | D:9      | 8090 ||| Stepping ~*~*~tactically~*~*~ (outnumbered).
  8091 | D:9      | 8091 ||| Stepping ~*~*~tactically~*~*~ (outnumbered).
  8092 | D:9      | 8092 ||| Stepping ~*~*~tactically~*~*~ (outnumbered).
  8093 | D:9      | 8093 ||| Stepping ~*~*~tactically~*~*~ (outnumbered).
  8094 | D:9      | 8094 ||| Stepping ~*~*~tactically~*~*~ (outnumbered).
  8095 | D:9      | 8095 ||| Stepping ~*~*~tactically~*~*~ (outnumbered).
  8102 | D:9      | 8102 ||| FLEEEEING.
  8103 | D:9      | 8103 ||| FLEEEEING.
  8104 | D:9      | 8104 ||| FLEEEEING.
  8105 | D:9      | 8105 ||| FLEEEEING.
  8106 | D:9      | 8106 ||| FLEEEEING.
  8107 | D:9      | 8107 ||| STAIRDANCE
  8142 | D:9      | Found Reguetrir's Weapon Shoppe.
  8142 | D:9      | Found a staircase to the Orcish Mines.
  8143 | D:9      | Found Sushulef's Armour Shoppe.
  8144 | D:9      | 8144 ||| Stepping ~*~*~tactically~*~*~ (hiding).
  8288 | D:9      | 8288 ||| Stepping ~*~*~tactically~*~*~ (outnumbered).
  8289 | D:9      | 8289 ||| Stepping ~*~*~tactically~*~*~ (outnumbered).
  8290 | D:9      | 8290 ||| Stepping ~*~*~tactically~*~*~ (outnumbered).
  8291 | D:9      | 8291 ||| Stepping ~*~*~tactically~*~*~ (outnumbered).
  8292 | D:9      | 8292 ||| Stepping ~*~*~tactically~*~*~ (outnumbered).
  8293 | D:9      | 8293 ||| Stepping ~*~*~tactically~*~*~ (hiding).
  8294 | D:9      | 8294 ||| Stepping ~*~*~tactically~*~*~ (hiding).
  8295 | D:9      | 8295 ||| Stepping ~*~*~tactically~*~*~ (hiding).
  8296 | D:9      | 8296 ||| Stepping ~*~*~tactically~*~*~ (hiding).
  8298 | D:9      | 8298 ||| Stepping ~*~*~tactically~*~*~ (outnumbered).
  8299 | D:9      | 8299 ||| Stepping ~*~*~tactically~*~*~ (outnumbered).
  8300 | D:9      | 8300 ||| Stepping ~*~*~tactically~*~*~ (outnumbered).
  8300 | D:9      | Noticed a two-headed ogre
  8301 | D:9      | 8301 ||| Stepping ~*~*~tactically~*~*~ (outnumbered).
  8302 | D:9      | 8302 ||| Stepping ~*~*~tactically~*~*~ (outnumbered).
  8303 | D:9      | 8303 ||| Stepping ~*~*~tactically~*~*~ (outnumbered).
  8304 | D:9      | 8304 ||| Stepping ~*~*~tactically~*~*~ (hiding).
  8305 | D:9      | 8305 ||| Stepping ~*~*~tactically~*~*~ (outnumbered).
  8306 | D:9      | 8306 ||| Stepping ~*~*~tactically~*~*~ (hiding).
  8308 | D:9      | 8308 ||| FLEEEEING.
  8309 | D:9      | 8309 ||| FLEEEEING.
  8310 | D:9      | 8310 ||| FLEEEEING.
  8311 | D:9      | 8311 ||| FLEEEEING.
  8312 | D:9      | 8312 ||| FLEEEEING.
  8313 | D:9      | 8313 ||| FLEEEEING.
  8314 | D:9      | 8314 ||| FLEEEEING.
  8315 | D:9      | 8315 ||| FLEEEEING.
  8316 | D:9      | 8316 ||| FLEEEEING.
  8317 | D:9      | 8317 ||| FLEEEEING.
  8318 | D:9      | 8318 ||| FLEEEEING.
  8319 | D:9      | 8319 ||| Stepping ~*~*~tactically~*~*~ (hiding).
  8320 | D:9      | 8320 ||| Stepping ~*~*~tactically~*~*~ (hiding).
  8326 | D:9      | 8326 ||| Stepping ~*~*~tactically~*~*~ (outnumbered).
  8328 | D:9      | 8328 ||| Stepping ~*~*~tactically~*~*~ (outnumbered).
  8329 | D:9      | 8329 ||| Stepping ~*~*~tactically~*~*~ (outnumbered).
  8330 | D:9      | 8330 ||| Stepping ~*~*~tactically~*~*~ (outnumbered).
  8333 | D:9      | 8333 ||| Stepping ~*~*~tactically~*~*~ (outnumbered).
  8334 | D:9      | 8334 ||| Stepping ~*~*~tactically~*~*~ (outnumbered).
  8335 | D:9      | 8335 ||| Stepping ~*~*~tactically~*~*~ (hiding).
  8336 | D:9      | HP: 19/97 [two-headed ogre/+0 giant club (17)]
  8337 | D:9      | 8337 ||| READING 7 scrolls of teleportation.
  8338 | D:9      | 8338 ||| DRINKING 3 potions of heal wounds.
  8338 | D:9      | Slain by an orc warrior

Levels and vault maps discovered:
D:1:      kennysheep_arrival_seaside, layout_basic, ebering_ecumenical_altar_box
D:2:      layout_rooms, serial_park_tiny_2, uniq_robin
D:3:      layout_basic, minitemple, cheibrodos_sewer_entry_bend, uniq_terence
D:4:      kennysheep_spiral_hall, layout_cave_pods,
          mainiacjoe_overflow_cross_hatched, minmay_temple_entry_offerings,
          minmay_tree_intersection
D:5:      layout_layer_cave, overflow_temple_1_default, goddamned_bats,
          uniq_eustachio
D:6:      layout_gridville, minmay_hedge_maze
D:7:      cheibrodos_barr_body, layout_rooms, mainiacjoe_overflow_24_doors,
          mainiacjoe_overflow_boulevard, wad_floor_pattern_2
D:8:      layout_rooms, nicolae_gozag_cash_rules_everything_around_me,
          uniq_gastronok, uniq_erica
D:9:      layout_irregular_city, orc_david_3
Temple:   regret_index_temple_waves

Skill      XL: |  1  2  3  4  5  6  7  8  9 10 |
---------------+-------------------------------+-----
Unarmed Combat | 4 5 7 8 9 10 12 | 12.0
Shields        | 5 6 8 9 |  9.4
Fighting       | 3 4 |  4.4
Dodging        | 1 |  1.5
Armour         | 1 |  1.6
Throwing       | 4 |  4.0
Spellcasting   | |  1.0
Fire Magic     | |  2.1

Action                   |  1- 3 |  4- 6 |  7- 9 | 10-12 || total
-------------------------+-------+-------+-------+-------++-------
Melee: Unarmed           |    83 |   184 |   355 |   236 ||   858
       Punch             |       |     2 |       |       ||     2
Throw: Large rock        |       |       |       |     3 ||     3
Invok: Fiery Armour      |     2 |     3 |     6 |     3 ||    14
  Use: Potion            |     2 |     4 |     2 |     3 ||    11
       Scroll            |     1 |     8 |     6 |     3 ||    18
Armor: Robe              |    50 |    77 |    15 |       ||   142
       Troll leather arm |       |       |   134 |    82 ||   216
Dodge: Dodged            |    55 |    78 |   106 |    80 ||   319
Block: Kite shield       |       |     1 |   126 |    94 ||   221

Table legend:
 A = Non-vault XP
 B = Vault XP
 C = Vault XP percentage of total XP
 D = Non-vault monster count
 E = Vault monster count
 F = Vault count percentage of total count
                 A         B        C        D         E       F
            +---------+---------+-------+---------+---------+-------
      Total |    6267 |    5119 |  45.0 |     176 |     112 |  38.9
            +---------+---------+-------+---------+---------+-------
        D:1 |      20 |       0 |   0.0 |      14 |       0 |   0.0
        D:2 |     151 |      33 |  17.9 |      27 |      11 |  28.9
        D:3 |     128 |      36 |  22.0 |      31 |       2 |   6.1
        D:4 |     462 |     187 |  28.8 |      19 |       4 |  17.4
        D:5 |     605 |     369 |  37.9 |      14 |      21 |  60.0
        D:6 |    2038 |       0 |   0.0 |      26 |       0 |   0.0
        D:7 |     888 |    1412 |  61.4 |      16 |      13 |  44.8
        D:8 |    1349 |    2312 |  63.2 |      17 |       2 |  10.5
        D:9 |     626 |     417 |  40.0 |      12 |       9 |  42.9
      Sewer |       0 |     353 | 100.0 |       0 |      50 | 100.0
            +---------+---------+-------+---------+---------+-------
